Unix NetHack Version 5.0.0-0 post-release - last build May  4 2026 22:22:43 (774f63e81ad911689b3a0859ea89b322d5daca8d,branch:main).

Game began 2026-05-10 17:15:49, ended 2026-05-10 18:06:34.

Eesui, chaotic male human Rogue

                                                                 -------------
                                                                 |...........|
                                                                 +......<....|
                                                                 |...........|
                                                    ---          |...........|
                                   ---------        ..|###q@'####...........+|
                                    ........        ..|#         -------------
                                          .... ### ...|#
                                               [%#[.%.|#
                                                 #   .|#
                                                 #    |#
                                                ##     #
                                              ####%#[###
  ------------                  #             ###        ###########
  |..........-###############   #             [#                 --.-----
  |.....T....|              #   #             [                  |.%...)|
  |..........-##########################################[###[##)#-%.*..`|
  ------------                                                   |......|
                                                                 --------

Eesui the Rogue         St:16 Dx:16 Co:14 In:13 Wi:7 Ch:10  Chaotic
Dlvl:8  $:405 HP:0(61) Pw:26(26) AC:0  Xp:9/2764 T:7789  Satiated

Latest messages:
 $ - 24 gold pieces (405 in total).
 Pick a monster, object or location.
 i        an imp or minor demon (manes)
 You miss the manes.
 You hit the manes.
 You destroy the manes!
 You catch the crude arrow! W - a poisoned crude arrow.
 The Uruk-hai swings his crude bow.
 The Uruk-hai hits!
 You hit the Uruk-hai!
 You miss the Uruk-hai.
 You hit the Uruk-hai!
 You hit the Uruk-hai!
 You hear a door open.
 The Uruk-hai swings his crude bow.
 The Uruk-hai hits!
 You hit the Uruk-hai.
 You hit the Uruk-hai.
 You hit the Uruk-hai.
 You kill the Uruk-hai!
 Sting flickers light blue.
 There are several objects here.
 You kill the Uruk-hai!
 You hit the Uruk-hai!
 You hit the Uruk-hai.
 You miss the Uruk-hai.
 You kill the Uruk-hai!
 You hit the Uruk-hai!
 You kill the Uruk-hai!
 The leocrotta hits!
 The leocrotta bites!
 The leocrotta hits!
 The human zombie hits!
 There are several objects here.
 The Uruk-hai misses!
 You hit the Uruk-hai!
 You hit the Uruk-hai!
 You hit the Uruk-hai.
 You kill the Uruk-hai!
 Sting stops flickering.
 You hit the gold golem.
 You hit the gold golem.
 You hit the gold golem.
 You miss the gold golem.
 The gold golem hits!
 The gold golem misses!
 The leocrotta hits!
 The leocrotta bites!
 You die...
 Do you want your possessions identified? [ynq] (y)

Inventory:
 Coins    ('$')
  $ - 405 gold pieces
 Amulets  ('"')
  z - an uncursed amulet versus poison (being worn)
 Weapons  (')')
  W - a poisoned +0 orcish arrow
  Z - a blessed +0 dagger (wielded in right hand)
  h - 20 +4 daggers (at the ready)
  o - the +0 Sting (wielded in left hand)
 Armor    ('[')
  Y - an uncursed greased +1 dented pot (being worn)
  m - an uncursed greased +0 pair of speed boots (being worn)
  M - an uncursed greased +0 cloak of magic resistance (being worn)
  k - an uncursed +0 dwarvish mithril-coat (being worn)
 Comestibles  ('%')
  p - 4 uncursed slime molds
  x - an uncursed banana
  n - 5 uncursed food rations
  b - an uncursed orange
  J - an uncursed lizard corpse
 Scrolls  ('?')
  w - 2 uncursed scrolls of teleportation
 Potions  ('!')
  i - 5 uncursed potions of healing
 Rings    ('=')
  B - an uncursed ring of slow digestion (on right hand)
 Wands    ('/')
  S - a wand of create monster (0:12)
  s - a wand of digging (0:4)
  G - a cursed wand of digging (0:5)
  U - a wand of fire (0:3)
  C - a wand of make invisible (0:4)
  R - a wand of polymorph (0:7)
  L - a wand of striking (0:5)
  V - a wand of striking (0:2)
 Tools    ('(')
  f - an uncursed sack containing 1 item
  r - an uncursed blindfold
  P - a can of grease (0:12)
  e - an uncursed lock pick
  H - an uncursed magic whistle
 Gems/Stones  ('*')
  T - an uncursed worthless piece of white glass
  a - an uncursed luckstone

Contents of the sack:
  a blessed scroll of enchant weapon

Eesui the Rogue's attributes:

Background:
 You were a Rogue, level 9 male human.
 You were chaotic, on a mission for Kos
 who was opposed by Issek (lawful) and Mog (neutral).
 You were left-handed.
 You were in the Dungeons of Doom, on level 8.
 You entered the dungeon 7789 turns ago.
 You had 2764 experience points, 2356 more were needed to attain level 10.

Basics:
 You had 0 out of 61 hit points.
 You had all 26 energy points (spell power).
 Your armor class was 0.
 Your wallet contained 405 zorkmids.
 Autopickup was on for '$?!/=+"' plus thrown.

Final Characteristics:
 Your strength was 16 (limit:18/100).
 Your dexterity was 16 (peak:18, limit:18).
 Your constitution was 14 (limit:18).
 Your intelligence was 13 (limit:18).
 Your wisdom was 7 (limit:18).
 Your charisma was 10 (limit:18).

Final Status:
 You were satiated.
 You were unencumbered.
 You were wielding two weapons at once.
 Your skill in dagger was limited by being skilled with two weapons.

Final Attributes:
 You were piously aligned.
 You were magic-protected.
 You were fire resistant.
 You were poison resistant.
 You were telepathic.
 You were aware of the presence of orcs.
 You were stealthy.
 You had slower digestion.
 You were guarded.
 You were very fast.
 You were lucky.
 You had extra luck.
 Bad luck did not time out for you.
 Good luck did not time out for you.
 You are dead.

Miscellaneous:
 You disabled loading and storing of bones levels.
 Total elapsed playing time was 50 minutes and 45 seconds.

Major events:
 Turn
    1: Eesui the chaotic male human Rogue entered the dungeon
  945: entered the Gnomish Mines
  954: attained the rank of Cutpurse (level 3)
 1973: attained the rank of Rogue (level 6)
 2778: reached Mine Town
 3340: chose an elven dagger to be named "Sting"
 7789: killed by a leocrotta

You didn't know any spells.

Skills:
 Fighting Skills
   bare handed combat [Unskilled]
   two weapon combat  [Skilled]
   riding             [Unskilled]
 Weapon Skills
   dagger             [Expert]
   knife              [Unskilled]
   short sword        [Basic]
   broadsword         [Unskilled]
   long sword         [Unskilled]
   two-handed sword   [Unskilled]
   saber              [Unskilled]
   club               [Unskilled]
   mace               [Unskilled]
   morning star       [Unskilled]
   flail              [Unskilled]
   hammer             [Unskilled]
   polearms           [Unskilled]
   spear              [Unskilled]
   crossbow           [Unskilled]
   dart               [Unskilled]
   shuriken           [Unskilled]
 Spellcasting Skills
   divination spells  [Unskilled]
   escape spells      [Unskilled]
   matter spells      [Unskilled]

Voluntary challenges:
 Character rerolling was not enabled.
 You never genocided any monsters.
 You never polymorphed an object.
 You used no wishes.
Achievements:
 You entered a shop.
 You entered the Gnomish Mines.
 You attained the rank of Cutpurse.
 You attained the rank of Rogue.
 You entered Minetown.
 You entered a temple.

 The Dungeons of Doom: levels 1 to 8
    Level 1:
    Level 2:
       An armor shop.
    Level 3:
       A general store, a fountain.
    Level 4:
       A sink.
       Stairs down to The Gnomish Mines.
    Level 5: "#n"
       An armor shop.
    Level 6: "healing chest"
       A fountain.
    Level 7: "heal chest"
       A fountain.
    Level 8: <- You were here.
       Final resting place for
          you, killed by a leocrotta.
 The Gnomish Mines: levels 5 to 11
    Level 5:
    Level 6:
    Level 7:
       Many shops, a temple and an altar, some fountains, a sink.
    Level 8: "fire res"
    Level 9:
    Level 10:
    Level 11:


Vanquished creatures:
  a xan
  a giant beetle
  a cockatrice
  2 wolves
  a panther
  a giant spider
  a scorpion
  a horse
  2 black lights
  2 gnome rulers
 an owlbear
  4 lizards
  a dwarf leader
  2 dust vortices
  3 ravens
  a plains centaur
  a gnome mummy
  a snake
 an ape
  a fire ant
  a wood nymph
  a water nymph
  3 Mordor orcs
  9 Uruk-hai
  a rock piercer
  a rock mole
  a pony
  2 fog clouds
  a yellow light
  2 violet fungi
 11 gnome leaders
  6 gnomish wizards
  a straw golem
  a paper golem
  8 giant ants
  a little dog
  3 floating eyes
  a kitten
 14 dwarves
  a kobold leader
  a rothe
  a giant bat
  5 monkeys
  2 orc zombies
  a dwarf zombie
  a werejackal
  6 iguanas
  a gas spore
  3 hobbits
  3 manes
  a large kobold
  a hobgoblin
  3 cave spiders
 45 gnomes
  a garter snake
  6 geckos
  2 jackals
  a fox
  3 goblins
  a sewer rat
  6 grid bugs
  5 lichens
  a kobold zombie
  7 newts
205 creatures vanquished.

No species were genocided or became extinct.

Game over:
                       ----------
                      /          \
                     /    REST    \
                    /      IN      \
                   /     PEACE      \
                  /                  \
                  |      Eesui       |
                  |      405 Au      |
                  |   killed by a    |
                  |    leocrotta     |
                  |                  |
                  |                  |
                  |       2026       |
                 *|     *  *  *      | *
        _________)/\\_//(\/(/\)/\//\/|_)_______

Goodbye Eesui the Rogue...

You died in The Dungeons of Doom on dungeon level 8 with 11951 points,
and 405 pieces of gold, after 7789 moves.
You were level 9 with a maximum of 61 hit points when you died.

